Map: Ruines de Seras

Players

Ladina

  • Race: Terran Terran
  • League: Silver

Plutonun - Winner!

  • Race: Protoss Protoss
  • League: Silver

VOD

Have the link to the VOD?

Description

Time

  • Played on: Nov. 11, 2015, 11:57 a.m.
  • Length: 17:14
Show
View Real Time Build Order
Export as new Build Order

Ladina Terran 

Build Orders: Command Center First (CC) 

Get SALT Encoding   

  12  0:14  SCV  
  13  0:26  SCV  
  14  0:38  SCV  
  15  0:51  Command Center  
  15  1:33  Supply Depot  
  15  1:38  Command Center  
  15  1:55  SCV  
  16  2:07  SCV  
  17  2:13  Barracks  
  17  2:16  Barracks  
  17  2:19  SCV  
  17  2:20  SCV  
  19  2:31  SCV  
  19  2:32  SCV  
  21  2:43  SCV  
  22  2:44  SCV  
  23  2:52  Barracks  
  23  2:57  SCV, Barracks  
  24  3:00  SCV  
  24  3:03  SCV  
  26  3:12  SCV  
  27  3:15  SCV x2  
  29  3:21  Marine  
  29  3:22  Marine  
  29  3:24  SCV  
  32  3:28  Orbital Command  
  32  3:37  SCV, Refinery  
  32  3:39  Orbital Command  
  33  3:48  Barracks  
  32  3:52  Orbital Command  
  32  3:59  Refinery  
  32  4:04  Marine  
  32  4:05  Marine x3  
  32  4:08  SCV  
  37  4:10  SCV  
  38  4:18  SCV  
  38  4:20  SCV  
  38  4:22  SCV  
  38  4:24  Barracks Tech Lab  
  41  4:26  Barracks Reactor  
  41  4:30  SCV  
  35  4:33  SCV  
  34  5:00  Marine x3  
  34  5:02  SCV  
  34  5:06  Engineering Bay  
  38  5:07  Marine x2  
  38  5:08  Marine  
  38  5:09  SCV  
  42  5:14  SCV  
  42  5:17  Marine  
  42  5:18  Marine x2  
  42  5:19  SCV  
  42  5:20  Supply Depot  
  42  5:21  SCV  
  48  5:25  Marine  
  48  5:26  SCV  
  50  5:31  SCV  
  51  5:36  Missile Turret  
  51  5:37  Barracks Reactor  
  51  5:38  Marine  
  51  5:39  Marine  
  51  5:40  Marine  
  51  5:42  Supply Depot, Marine  
  55  5:43  SCV, Marine  
  57  5:55  Refinery x2  
  57  5:56  SCV x3, Marine  
  57  5:57  Marine  
  61  5:58  Marine  
  61  6:01  Marine  
  61  6:03  Missile Turret  
  61  6:16  Marine  
  60  6:18  Missile Turret  
  60  6:20  Barracks Reactor x2, Marine x2  
  60  6:21  Marine x2  
  60  6:22  SCV  
  65  6:31  SCV  
  66  6:33  Marine  
  66  6:34  SCV  
  66  6:38  Marine  
  66  6:39  SCV, Refinery  
  70  6:46  SCV  
  71  6:49  Factory  
  71  6:51  SCV  
  72  6:58  SCV, Marine x4  
  72  7:00  Combat Shields  
  72  7:01  Marine  
  77  7:02  Marine  
  77  7:03  SCV  
  77  7:04  Marine  
  77  7:05  Marine  
  76  7:08  Marine  
  76  7:11  SCV  
  76  7:15  SCV  
  76  7:20  Marine  
  76  7:21  Supply Depot  
  77  7:30  Supply Depot  
  77  7:32  Supply Depot  
  77  7:33  Terran Infantry Weapons Level 1  
  77  7:41  Supply Depot  
  77  7:43  SCV, Marine x7  
  85  7:46  Supply Depot, SCV  
  85  7:50  Marine  
  85  7:51  Marine  
  88  7:53  Factory Reactor, Starport  
  88  7:55  SCV  
  89  7:58  SCV  
  89  8:04  Refinery  
  90  8:07  SCV x2  
  90  8:10  SCV  
  93  8:13  Marine x2  
  93  8:14  Marine x2  
  93  8:17  Marine  
  93  8:19  SCV x2, Stimpack  
  100  8:25  Marine  
  100  8:26  Marine x3  
  104  8:31  Marine  
  105  8:38  SCV x2  
  105  8:39  SCV  
  108  8:41  Marine x3  
  108  8:42  Marine  
  108  8:43  Marine  
  108  8:44  Marine  
  108  8:48  Starport Reactor  
  113  8:50  SCV  
  113  8:52  Widow Mine x2  
  115  9:03  SCV  
  115  9:07  Marine x4  
  115  9:08  Marine x5  
  125  9:15  SCV  
  126  9:25  Marine x5  
  126  9:26  Marine x2  
  133  9:34  Medivac x2, Marine  
  133  9:38  Marine  
  139  9:42  Marine  
  139  9:43  Marine x4  
  144  9:47  Terran Infantry Armor Level 1  
  144  10:04  Medivac x2  
  146  10:11  Marine x5  
  146  10:12  Marine x4  
  146  10:13  Starport  
  155  10:29  Marine x7  
  155  10:30  Marine  
  155  10:34  Medivac  
  165  10:38  Marine  
  166  10:45  Supply Depot  
  166  10:46  Supply Depot, Marine x2  
  168  10:50  SCV, Missile Turret  
  169  11:03  SCV  
  169  11:08  Marine x3  
  169  11:09  Supply Depot, Marine x3  
  175  11:12  Widow Mine x2, Medivac x2  
  175  11:14  Starport Reactor  
  175  11:17  Marine x3  
  186  11:19  Armory  
  186  11:21  SCV  
  187  11:26  Marine x2  
  142  12:06  Marine x5  
  142  12:07  Marine x4  
  80  12:18  Viking x2  
  83  12:23  Marine  
  83  12:24  Marine x6  
  83  12:25  Missile Turret, Marine x2  
  83  12:29  SCV  
  93  12:41  SCV, Marine x2  
  93  12:42  Marine x6  
  93  12:43  Marine  
  103  12:48  Viking  
  103  12:51  Viking x2  
  109  12:59  Marine x3  
  109  13:00  Command Center, Marine x6  
  116  13:17  Marine x4  
  116  13:18  Marine x3  
  116  13:19  Hellbat x2  
  126  13:21  SCV, Viking  
  126  13:24  Terran Infantry Weapons Level 2  
  129  13:28  Medivac x2  
  129  13:33  SCV  
  134  13:35  Marine x5  
  134  13:36  Marine x2  
  134  13:38  Marine  
  134  13:40  Hellbat  
  134  13:41  Hellbat  
  146  13:53  Marine  
  147  13:56  SCV x3  
  147  13:58  Viking x2  
  154  14:08  Hellbat x2  
  158  14:15  Viking  
  160  14:17  Factory, Viking  
  162  14:34  Marine x5  
  162  14:35  Marine  
  168  14:41  Command Center  
  168  14:52  Marine  
  168  14:53  Marine x5  
  168  14:54  Marine x3  
  177  15:07  Starport x2  
  177  15:10  Marine x2  
  177  15:11  Marine x5  
  177  15:12  Planetary Fortress  
  184  15:16  Missile Turret  
  184  15:17  Missile Turret  
  183  15:29  Missile Turret  
  169  15:45  Starport Tech Lab  
  169  15:46  Marine x2, Starport Tech Lab  
  169  15:47  Marine x6  
  169  15:48  Marine  
  169  15:58  Medivac x2  
  169  16:00  Factory Tech Lab  
  169  16:01  Widow Mine x2  
  169  16:02  Factory, Medivac x2  
  181  16:04  Marine  
  181  16:05  Marine x2  
  181  16:06  Marine  
  181  16:10  Missile Turret  
  185  16:28  Medivac x2  
  185  16:32  Medivac  
Show
View Real Time Build Order
Export as new Build Order

Plutonun Protoss - Winner!

Build Orders: Oracle Opening 

Get SALT Encoding   

  12  0:01  Probe (Chrono Boost)  
  13  0:11  Probe (Chrono Boost)  
  14  0:20  Pylon  
  14  0:23  Probe (Chrono Boost)  
  15  0:38  Probe (Chrono Boost)  
  15  0:41  Gateway  
  16  0:49  Probe (Chrono Boost)  
  17  0:50  Assimilator  
  17  0:55  Assimilator  
  17  0:59  Probe (Chrono Boost)  
  18  1:10  Probe (Chrono Boost)  
  19  1:12  Pylon  
  19  1:21  Probe (Chrono Boost)  
  20  1:28  Cybernetics Core  
  20  1:36  Probe (Chrono Boost)  
  21  1:46  Probe (Chrono Boost)  
  22  1:57  Probe (Chrono Boost)  
  23  2:04  Stalker  
  23  2:08  Mothership Core (Chrono Boost)  
  27  2:13  Warp Gate  
  27  2:16  Gateway  
  27  2:30  Probe (Chrono Boost), Stargate  
  27  2:35  Stalker  
  30  2:41  Probe (Chrono Boost)  
  31  3:00  Pylon  
  31  3:04  Probe (Chrono Boost)  
  31  3:17  Oracle (Chrono Boost)  
  31  3:18  Nexus  
  34  3:25  Sentry  
  36  3:31  Pylon  
  36  3:32  Probe  
  37  3:43  Robotics Facility  
  37  3:44  Probe  
  38  3:56  Probe  
  38  4:01  Forge  
  39  4:08  Probe (Chrono Boost)  
  40  4:19  Probe (Chrono Boost)  
  41  4:30  Probe (Chrono Boost)  
  42  4:56  Probe (Chrono Boost)  
  42  4:57  Probe (Chrono Boost)  
  44  5:07  Probe (Chrono Boost)  
  45  5:08  Immortal, Probe (Chrono Boost)  
  45  5:09  Sentry  
  52  5:17  Probe (Chrono Boost)  
  52  5:18  Gateway  
  52  5:19  Photon Cannon  
  52  5:20  Probe (Chrono Boost)  
  54  5:23  Photon Cannon  
  54  5:26  Gateway  
  54  5:28  Probe (Chrono Boost)  
  55  5:30  Probe (Chrono Boost)  
  55  5:34  Robotics Bay  
  56  5:37  Probe (Chrono Boost), Protoss Ground Armor Level 1 (Chrono Boost)  
  56  5:41  Stalker, Probe  
  60  5:47  Probe  
  60  5:48  Assimilator  
  61  5:52  Observer, Assimilator  
  62  5:58  Pylon  
  62  6:02  Pylon  
  62  6:15  Probe  
  62  6:16  Probe  
  62  6:18  Observer (Chrono Boost)  
  65  6:25  Probe  
  65  6:31  Probe  
  67  6:36  Probe, Gateway  
  67  6:39  Gateway  
  68  6:40  Photon Cannon  
  68  6:41  Pylon  
  68  6:43  Pylon  
  68  6:44  Colossus (Chrono Boost)  
  68  6:45  Pylon  
  74  6:48  Zealot x2  
  74  6:53  Photon Cannon  
  78  6:57  Pylon  
  78  7:13  Probe  
  79  7:24  Gateway  
  79  7:25  Protoss Ground Weapons Level 1 (Chrono Boost)  
  79  7:26  Probe, Gateway, Colossus  
  79  7:29  Twilight Council  
  80  7:35  Zealot  
  80  7:36  Zealot x2  
  92  7:38  Probe  
  92  7:42  Extended Thermal Lance (Chrono Boost)  
  93  7:59  Pylon  
  93  8:06  Blink  
  93  8:08  Probe  
  94  8:15  Nexus  
  94  8:20  Pylon  
  94  8:22  Photon Cannon  
  94  8:23  Photon Cannon  
  94  8:27  Probe x2  
  94  8:28  Gateway  
  96  8:35  Sentry x3  
  96  8:39  Probe  
  103  8:56  Colossus  
  100  9:07  Stalker  
  100  9:08  Stalker x2  
  100  9:09  Stalker  
  114  9:18  Probe x2  
  114  9:23  Gateway  
  116  9:29  Pylon  
  116  9:30  Probe x2  
  118  9:32  Probe, Assimilator  
  118  9:33  Protoss Ground Weapons Level 2  
  118  9:34  Assimilator  
  119  9:42  Probe x2  
  119  9:43  Probe  
  119  9:45  Warp Prism  
  122  9:46  Templar Archives  
  122  9:48  Pylon  
  124  9:54  Probe  
  124  9:57  Stalker x2  
  124  9:58  Stalker  
  131  10:13  Pylon  
  131  10:14  Colossus, Pylon  
  131  10:16  Charge (Chrono Boost)  
  131  10:21  Psionic Storm  
  137  10:36  Oracle  
  140  10:58  Nexus  
  140  11:01  Pylon  
  140  11:02  Pylon  
  140  11:03  Immortal  
  140  11:04  Pylon  
  140  11:07  Probe, Assimilator  
  145  11:12  Assimilator  
  145  11:20  High Templar x2  
  145  11:21  High Templar x2  
  145  11:23  Zealot x2  
  145  11:24  Zealot x3  
  163  11:37  Photon Cannon  
  163  11:40  Photon Cannon  
  163  11:41  Photon Cannon  
  163  11:46  Pylon  
  148  12:08  Stalker x4  
  136  12:09  Stalker  
  138  12:23  Photon Cannon  
  138  12:24  Pylon  
  138  12:26  Gateway  
  138  12:28  Gateway  
  138  12:30  Gateway  
  138  12:31  Probe x3  
  141  12:48  Probe  
  142  13:16  High Templar x4  
  142  13:17  High Templar x3  
  153  13:22  Probe (Chrono Boost)  
  154  13:31  Photon Cannon  
  154  13:33  Probe (Chrono Boost)  
  155  13:36  Photon Cannon  
  155  13:48  Colossus  
  155  13:49  Nexus  
  155  13:50  Pylon  
  155  13:51  Protoss Ground Weapons Level 3 (Chrono Boost), Pylon  
  155  13:53  Pylon  
  155  13:57  Pylon  
  155  14:00  Pylon  
  161  14:08  Gateway  
  161  14:12  Gateway, Zealot x4  
  161  14:13  Zealot x3  
  161  14:14  Zealot x3  
  181  14:20  Gateway  
  181  14:25  Oracle  
  184  14:36  Photon Cannon  
  184  14:37  Warp Prism  
  184  14:38  Photon Cannon  
  184  14:39  Photon Cannon  
  184  14:41  Photon Cannon  
  184  14:43  Photon Cannon  
  186  14:45  Photon Cannon  
  186  14:48  Photon Cannon  
  186  14:53  Photon Cannon  
  186  14:59  Photon Cannon  
  186  15:00  Assimilator  
  186  15:06  Assimilator  
  186  15:28  High Templar x4  
  190  15:29  High Templar x3  
  190  15:34  Archon x3  
  193  16:01  Photon Cannon  
  193  16:04  Probe  
  193  16:06  Probe x2  
  193  16:07  Photon Cannon  
  193  16:10  Photon Cannon  
  193  16:11  Photon Cannon  
  196  16:27  Zealot x2  
  200  16:49  Photon Cannon  
  200  16:51  Pylon  
  200  16:52  Photon Cannon  
Tags
 
Add a new tag
Caveats
  • Supply blocks, unpowered buildings, or Contaminate may cause inaccurate times.
  • Supply counts are checked every 10 seconds.